 Dungeon Crawl Stone Soup version 0.31-a0-1082-g7d1fb776a8 (webtiles) character file.

Game seed: 13636804728363980020

954 Flugslaktarn the Changeling (level 8, -1/82 HPs)
             Began as an Octopode Shapeshifter on Nov 28, 2023.
             Slain by a yak (8 damage)
             ... on level 5 of the Dungeon.
             The game lasted 00:01:44 (3223 turns).

Flugslaktarn the Changeling (Octopode Shapeshifter) Turns: 3223, Time: 00:01:45

Health: -1/82      AC: 24    Str: 13    XL:     8   Next: 14%
Magic:  8/8        EV:  2    Int: 12    God:
Gold:   155        SH:  0    Dex: 14    Spells: 7/7 levels left

rFire   + .          .
                       - Unarmed
rCold   + . .        (no shield)
rNeg    . . .        (helmet currently unavailable)
rPois   +            (no amulet)
rElec   +            m - ring of flight
rCorr   +            (no ring)
SInv    .            (no ring)
Will    .....        (no ring)
Stlth   +            (no ring)
HPRegen 0.33/turn    (no ring)
MPRegen 0.11/turn    (no ring)
                     (no ring)

%: no passive effects
@: brilliant, tree-form, resistant, attractive
A: stationary, stasis, torment immunity, boosted hp, almost no armour,
(amphibious), 8 rings, (camouflage 1), (gelatinous body 1), (nimble swimmer 1),
(tentacles)
a: no special abilities


You were on level 5 of the Dungeon.
You were a tree.
You visited 1 branch of the dungeon, and saw 5 of its levels.

You collected 155 gold pieces.

Inventory:

Jewellery
 m - a ring of flight (left branch)
   (You found it on level 3 of the Dungeon)
Talismans
 b - a beast talisman
 c - a flux talisman
Wands
 t - a wand of quicksilver (2)
   (You found it on level 5 of the Dungeon)
Scrolls
 d - a scroll of fog
 g - 2 scrolls of acquirement {unknown}
 h - 2 scrolls of fear {unknown}
 k - 2 scrolls of revelation {unknown}
 l - a scroll of enchant armour {unknown}
 o - a scroll of poison {unknown}
 p - a scroll of noise {unknown}
 r - 5 scrolls of identify
 z - 2 scrolls of blinking
Potions
 i - a potion of attraction
 q - a potion of curing


   Skills:
 + Level 5.1 Fighting
 - Level 2.0 Dodging
 - Level 3.0 Unarmed Combat
 - Level 7.5 Shapeshifting


You had 7 spell levels left.
You didn't know any spells.
Your spell library was empty.

Dungeon Overview and Level Annotations

Branches:
Dungeon (5/15)
 Temple: D:4-7

Altars:
Dithmenos
Yredelemnul

Shops:
D:3 (

Annotations:
D:2 1 runed translucent door, Crazy Yiuf
D:3 2 runed translucent doors, Mll's ghost, amateur HOBe
D:4 1 runed translucent door, hackum's ghost, novice TrFi


Innate Abilities, Weirdness & Mutations

You are a tree.
Your roots penetrate the ground, keeping you stationary.
You cannot be teleported.
You are immune to unholy pain and torment.
Your maximum health is greatly increased.
You cannot wear most types of armour.
((You are amphibious.))
You can wear up to eight rings at the same time.
((Your skin changes colour to match your surroundings (Stealth+).))
((Your rubbery body absorbs attacks. (AC +1, EV +1)))
((You are camouflaged when in or above water. (Stealth+)))
((You have tentacles for arms and can constrict up to eight enemies at once.))


Message History

You smack the yak!
You kill the yak!
You feel your intelligence returning.
Your Shapeshifting skill increases to level 7!
You have reached level 7!
You hit the yak.
The yak is lightly wounded.
The yak gores you but does no damage.
You hit the yak.
The yak is lightly wounded.
The yak gores you.
You hit the yak.
The yak is lightly wounded.
A yak comes into view.
The yak gores you but does no damage.
The yak bellows!
You hit the yak. You punch the yak, but do no damage.
The yak is moderately wounded.
The yak gores you but does no damage.
Unknown command.
You smack the yak!
The yak is heavily wounded.
The yak gores you but does no damage.
You barely miss the yak.
The yak is heavily wounded.
The yak gores you.
You hit the yak.
The yak is heavily wounded.
The yak gores you!
* * * LOW HITPOINT WARNING * * *
You smack the yak!
The yak is severely wounded.
The yak gores you but does no damage.
You smack the yak!
The yak is almost dead.
You hit the yak.
You kill the yak!
The yak is attracted toward you. x2
You feel your dexterity returning.
Your Fighting skill gained 2 levels and is now at level 3!
You feel better.
Aiming: Quicksilver Bolt
Press: ? - help, Shift-Dir - straight line, f - yak
Aim: a yak (83% to hit)
The bolt of dispelling energy hits the yak!
The yak is moderately wounded.
The bolt of dispelling energy misses the yak.
The bolt of dispelling energy hits the orc.
The orc is almost dead.
You hear a bellow!
The yak gores you!
* * * LOW HITPOINT WARNING * * *
Aiming: Quicksilver Bolt
Press: ? - help, Shift-Dir - straight line, f/p - yak
Aim: a yak (moderately wounded, 83% to hit)
The bolt of dispelling energy hits the yak!
The yak is severely wounded.
The bolt of dispelling energy misses the yak.
The bolt of dispelling energy hits the orc!!
You kill the orc!
A yak comes into view.
The yak gores you but does no damage.
Aiming: Quicksilver Bolt
Press: ? - help, Shift-Dir - straight line, f/p - yak
Aim: a yak (severely wounded, 83% to hit)
The bolt of dispelling energy hits the yak!!
You kill the yak!
The bolt of dispelling energy hits the yak!!
The yak is heavily wounded.
The yak is attracted toward you.
Your Fighting skill increases to level 4!
Aiming: Quicksilver Bolt
Press: ? - help, Shift-Dir - straight line, f - yak
Aim: a yak (heavily wounded, 83% to hit)
The bolt of dispelling energy hits the yak!!
You kill the yak!
The bolt of dispelling energy hits the yak!
The yak is moderately wounded.
Your Fighting skill increases to level 5!
You have reached level 8!
You completely miss the yak.
The yak is moderately wounded.
The yak gores you!
* * * LOW HITPOINT WARNING * * *
You closely miss the yak.
The yak is moderately wounded.
The yak gores you but does no damage.
Aiming: Quicksilver Bolt
Press: ? - help, Shift-Dir - straight line, f - yak
Aim: a yak (moderately wounded, 83% to hit)
The bolt of dispelling energy hits the yak!
The yak is severely wounded.
The yak gores you but does no damage.
Aiming: Quicksilver Bolt
Press: ? - help, Shift-Dir - straight line, f/p - yak
Aim: a yak (severely wounded, 83% to hit)
The bolt of dispelling energy hits the yak.
The yak is almost dead.
The yak gores you!
You die...

#####...#
#.......#
#.......#
#......##
#......##
#<......#
#......##
#####......#
#).Y♣.######
#.#####


You could see a yak.

Vanquished Creatures
  Sigmund (D:4)
  5 yaks (D:5)
  2 adders
  3 worms
  A dart slug (D:2)
  An orc (D:5)
  10 endoplasms
  A giant cockroach (D:2)
  9 goblins
  3 hobgoblins
  3 quokkas
  6 ball pythons
  6 bats
  3 frilled lizards
  7 kobolds
  3 rats
64 creatures vanquished.

Notes
Turn   | Place    | Note
-------+----------+-------------------------------------------
     0 | D:1      | Flugslaktarn the Octopode Shapeshifter began the quest for
                  | the Orb.
     0 | D:1      | Reached XP level 1. HP: 13/13 MP: 1/1
    49 | D:1      | Reached XP level 2. HP: 18/18 MP: 2/2
   564 | D:2      | Found a basalt altar of Yredelemnul.
   569 | D:2      | Reached XP level 3. HP: 23/23 MP: 3/3
   578 | D:2      | Reached skill level 4 in Shapeshifting
   772 | D:2      | Found a runed translucent door.
   773 | D:2      | Noticed Crazy Yiuf
  1588 | D:3      | Found a runed translucent door.
  1590 | D:3      | Noticed Mll's ghost (amateur HOBe)
  1603 | D:3      | Found a shadowy altar of Dithmenos.
  1771 | D:3      | Found a runed translucent door.
  1923 | D:3      | Found Dosait Ruoz's Antique Weapon Emporium.
  1974 | D:3      | Reached XP level 4. HP: 12/28 MP: 4/4
  2430 | D:4      | Noticed Sigmund
  2441 | D:4      | Killed Sigmund
  2442 | D:4      | Reached skill level 6 in Shapeshifting
  2442 | D:4      | Reached XP level 5. HP: 21/33 MP: 5/5
  2442 | D:4      | Reached XP level 6. HP: 24/38 MP: 6/6
  2541 | D:4      | Identified the +5 spear of Ythreit {flame, +Blink rPois
                  | Int-5 Stlth+}
  2657 | D:4      | Found a runed translucent door.
  2663 | D:4      | Noticed hackum's ghost (novice TrFi)
  3161 | D:5      | Entered Level 5 of the Dungeon
  3172 | D:5      | Noticed a yak
  3176 | D:5      | Noticed a yak
  3186 | D:5      | Noticed a yak
  3198 | D:5      | Killed a yak
  3198 | D:5      | Noticed a yak
  3204 | D:5      | Killed a yak
  3205 | D:5      | Reached skill level 7 in Shapeshifting
  3205 | D:5      | Reached XP level 7. HP: 25/43 MP: 7/7
  3207 | D:5      | Noticed a yak
  3214 | D:5      | Killed a yak
  3217 | D:5      | Noticed a yak
  3218 | D:5      | Killed a yak
  3219 | D:5      | Killed a yak
  3220 | D:5      | Reached skill level 5 in Fighting
  3220 | D:5      | Reached XP level 8. HP: 17/55 MP: 8/8
  3223 | D:5      | Slain by a yak

Illustrated notes

Levels and vault maps discovered:
D:1:      mushboom_english_gardens, layout_rooms
D:2:      layout_basic, basic_altar, minmay_octomino_j4, uniq_crazy_yiuf_cottage
D:3:      layout_loops_ring, nicolae_dithmenos_the_darkroom,
          ebering_ghost_sewer_f, serial_shops, nicolae_shop_statue_plus,
          st_stairs_7
D:4:      layout_loops_ring, ebering_ghost_reflecting_pool, uniq_sigmund
D:5:      layout_rooms, worldfamousw_hep_ancestral_shrine, serial_shops, shop

Skill      XL: |  1  2  3  4  5  6  7 |
---------------+----------------------+-----
Shapeshifting  | 4 6 7 |  7.5
Fighting       | 5 |  5.1
Dodging        | |  2.0
Unarmed Combat | |  3.0

Action                     |  1- 3 |  4- 6 |  7- 9 || total
---------------------------+-------+-------+-------++-------
  Melee: Unarmed           |    77 |    48 |    12 ||   137
         Constrict         |    13 |     7 |       ||    20
         Tentacles         |    15 |     8 |       ||    23
         Punch             |       |     1 |     1 ||     2
  Evoke: Wand              |       |       |     6 ||     6
    Use: Potion            |       |     8 |     1 ||     9
         Scroll            |       |     2 |       ||     2
   Stab: Sleeping          |     8 |     2 |       ||    10
 Armour: Skin              |    29 |    32 |    14 ||    75
  Dodge: Dodged            |    35 |    12 |       ||    47

Table legend: (Time is in decaauts)
 A = Elapsed time spent in this place.
 B = Non-inter-level travel time spent in this place.
 C = Inter-level travel time spent in this place.
 D = Time resting spent in this place.
 E = Time spent auto-exploring this place.
 F = Levels seen in this place.
 G = Mean time per level.
                   A        B        C        D        E       F      G
               +--------+--------+--------+--------+--------+-----+--------+
         Total |   3212 |   3101 |    111 |     52 |   2629 |   5 |  642.4 |
       Dungeon |   3212 |   3101 |    111 |     52 |   2629 |   5 |  642.4 |
               +--------+--------+--------+--------+--------+-----+--------+

Top non-repeatable levels by time:
     D:2: 939 daAuts
     D:4: 908 daAuts
     D:3: 880 daAuts
     D:1: 424 daAuts
     D:5: 59 daAuts
